 Dungeon Crawl Stone Soup version 0.26.1-2-gb8aa6d0cf2 (webtiles) character file.

Game seed: 7214148110222110176

1760 Gadfly the Ruffian (level 8, 0/78 HPs)
             Began as a Troll Monk on Feb 24, 2021.
             Was a Priest of Wu Jian.
             Slain by bitter's ghost (23 damage)
             ... on level 6 of the Dungeon.
             The game lasted 00:10:53 (5244 turns).

Gadfly the Ruffian (Troll Monk)                     Turns: 5244, Time: 00:10:53

Health: 0/78       AC:  6    Str: 22    XL:     8   Next: 79%
Magic:  7/7        EV: 11    Int:  6    God:    Wu Jian [***...]
Gold:   287        SH:  0    Dex: 12    Spells: 7/7 levels left

rFire    + . .     SeeInvis .     - Unarmed
rCold    + . .     Faith    .   (no shield)
rNeg     + . .     Spirit   .   a - +0 robe
rPois    .         Reflect  .   (helmet restricted)
rElec    .         Harm     .   f - scarf {rC+ rF+}
rCorr    .         Rampage  .   (gloves unavailable)
Will     .....                  (boots unavailable)
Stlth    ++........             (no amulet)
HPRegen  0.63/turn              g - ring of positive energy
MPRegen  0.10/turn              (no ring)

@: mighty, brilliant
A: large, unfitting armour, claws 3, regeneration 1, shaggy fur 1, tough skin 3
a: Renounce Religion, Wall Jump, Serpent's Lash


You were on level 6 of the Dungeon.
You worshipped Wu Jian.
Wu Jian was most pleased with you.
You visited 1 branch of the dungeon, and saw 6 of its levels.

You collected 407 gold pieces.
You spent 120 gold pieces at shops.

Inventory:

Hand Weapons
 n - a +0 flail of protection
Armour
 a - a +0 robe (worn)
 f - a scarf of resistance (worn)
Jewellery
 g - a ring of positive energy (left claw)
Wands
 s - a wand of iceblast (9)
 w - a wand of polymorph (7)
Scrolls
 d - 2 scrolls of remove curse
 l - a scroll of identify
 o - a scroll of magic mapping
 p - a scroll of blinking
 q - a scroll of fear
 r - a scroll of enchant armour
 t - a scroll of silence {unknown}
 v - a scroll of fog
Potions
 b - 3 potions of attraction
 c - 4 potions of curing
 e - 4 potions of heal wounds
 h - a potion of resistance
 i - a potion of flight
 j - a potion of cancellation
 k - 5 potions of lignification
 m - a potion of mutation


   Skills:
 + Level 4.1 Fighting
 * Level 4.5 Armour
 + Level 4.2 Dodging
 - Level 1.0 Stealth
 * Level 6.3 Unarmed Combat
 * Level 4.0 Evocations


You had 7 spell levels left.
You didn't know any spells.
Your spell library was empty.

Dungeon Overview and Level Annotations

Branches:
Dungeon (6/15)
 Temple: D:4-7

Altars:
Elyvilon
Kikubaaqudgha
Qazlal
Ru
Sif Muna
Trog
Uskayaw
Wu Jian

Shops:
D:4 (   D:5 ?

Annotations:
D:6 bitter's ghost, novice MiMo


Innate Abilities, Weirdness & Mutations

You are too large for most types of armour.
You have claws for hands.
Your natural rate of healing is unusually fast.
You are covered in fur. (AC +1)
You have extremely tough skin. (AC +3)


Message History

Bitter's ghost is severely damaged.
Bitter's ghost hits you!
You scratch bitter's ghost but do no damage.
Bitter's ghost is severely damaged.
Bitter's ghost barely misses you.
You barely miss bitter's ghost.
Bitter's ghost is severely damaged.
Bitter's ghost screams, "You will never get the ORB!"
Bitter's ghost hits you.
You barely miss bitter's ghost.
Bitter's ghost is severely damaged.
Bitter's ghost hits you!
You closely miss bitter's ghost.
Bitter's ghost is severely damaged.
Bitter's ghost hits you.
* * * LOW HITPOINT WARNING * * *
You closely miss bitter's ghost.
Bitter's ghost is severely damaged.
Bitter's ghost hits you!!
You die...

## ##.## #.# #.#####..# #
.##########.## #.# #......>.# #
..((.........# #.##########..# #
.####..####..# #....<........# #
#####.)####..# #############.# #
# #.......#..# #.# #
###.#..#....###### #.# #
.........#..#♣.#.## #.# #
##..#.......#8$W@.###########.# #
##..#.###...#♣.#..............# #
....#.# ####################### #
##.##.# #..################
##.##.#########......(...........
#...#..............##############
.....#######.......## .....#
#...........# .....#
#.##........#


You could see bitter's ghost.

Vanquished Creatures
  Edmund (D:5)
  A water moccasin (D:6)
  3 ogres
  2 ice beasts (D:5)
  A phantom (D:5)
  3 centaurs
  A bullfrog (D:6)
  A scorpion (D:6)
  3 killer bees (D:4)
  A howler monkey (D:4)
  A bullfrog zombie (D:5)
  3 hounds
  A bullfrog skeleton (D:5)
  An orc wizard (D:4)
  A centaur skeleton (D:6)
  3 iguanas
  3 gnolls (D:3)
  8 adders
  A shadow imp (D:5)
  An ufetubus (D:6)
  An ooze (D:6)
  4 dart slugs
  3 leopard geckos
  13 orcs
  4 giant cockroaches
  9 goblins
  9 hobgoblins
  3 jackals (D:4)
  5 kobolds
  A quokka (D:6)
  3 bats (D:1)
  3 frilled lizards
  6 rats
104 creatures vanquished.

Notes
Turn   | Place    | Note
-------+----------+-------------------------------------------
     0 | D:1      | Gadfly the Troll Monk began the quest for the Orb.
     0 | D:1      | Reached XP level 1. HP: 22/22 MP: 0/0
   262 | D:1      | Reached XP level 2. HP: 29/29 MP: 1/1
  1021 | D:2      | Reached XP level 3. HP: 36/36 MP: 2/2
  1440 | D:3      | Reached skill level 1 in Armour
  1558 | D:3      | Reached skill level 1 in Evocations
  1558 | D:3      | Reached XP level 4. HP: 41/44 MP: 3/3
  1608 | D:3      | Found an ornate altar of the Wu Jian Council.
  1624 | D:3      | Became a worshipper of the Wu Jian Council
  1624 | D:3      | Reached * piety under Wu Jian
  1624 | D:3      | Reached ** piety under Wu Jian
  1635 | D:3      | Found a bloodstained altar of Trog.
  1979 | D:3      | Found a shimmering blue altar of Sif Muna.
  1981 | D:3      | Found a hide-covered altar of Uskayaw.
  1983 | D:3      | Found an ancient bone altar of Kikubaaqudgha.
  2121 | D:4      | Found a stormy altar of Qazlal.
  2139 | D:4      | Reached XP level 5. HP: 47/52 MP: 4/4
  2153 | D:4      | Noticed an ogre
  2162 | D:4      | Killed an ogre
  2163 | D:4      | Reached skill level 4 in Unarmed Combat
  2198 | D:4      | Reached XP level 6. HP: 12/61 MP: 5/5
  2337 | D:4      | Found a sacrificial altar of Ru.
  2438 | D:4      | Found Annayr's Antique Weapon Shop.
  2983 | D:5      | Entered Level 5 of the Dungeon
  3074 | D:5      | Reached XP level 7. HP: 67/67 MP: 6/6
  3223 | D:5      | Noticed Edmund
  3239 | D:5      | Killed Edmund
  3240 | D:5      | Reached skill level 5 in Unarmed Combat
  3605 | D:5      | Found Qoedimi's Magic Scroll Emporium.
  3622 | D:5      | Bought a scroll of fear for 38 gold pieces
  3622 | D:5      | Bought a scroll of enchant armour for 82 gold pieces
  3671 | D:5      | Found a white marble altar of Elyvilon.
  3688 | D:5      | Reached XP level 8. HP: 78/78 MP: 7/7
  4426 | D:6      | Reached *** piety under Wu Jian
  4462 | D:6      | Reached skill level 6 in Unarmed Combat
  4884 | D:6      | Found a runed translucent door.
  4885 | D:6      | Noticed bitter's ghost (novice MiMo)
  4975 | D:6      | Found a shimmering blue altar of Sif Muna.
  5244 | D:6      | Slain by bitter's ghost

Illustrated notes

Levels and vault maps discovered:
D:1:      dpeg_arrival_three_bigger_balls, layout_basic
D:2:      layout_basic
D:3:      minmay_evil_eye, layout_basic, grunt_temple_overflow_diamond,
          minitemple
D:4:      layout_basic, kennysheep_little_box,
          nicolae_ru_great_annihilating_truth, serial_shops,
          nicolae_shop_statue_plus
D:5:      layout_loops_corners, kennysheep_mini_moat, serial_shops,
          nicolae_shop_stone, uniq_edmund
D:6:      layout_loops_ring, gammafunk_ghost_grave, basic_altar

Skill      XL: |  1  2  3  4  5  6  7  8 |
---------------+-------------------------+-----
Armour         | 1 2 3 4 |  4.5
Evocations     | 1 2 3 4 |  4.0
Dodging        | 3 4 |  4.2
Fighting       | 3 4 |  4.1
Unarmed Combat | 4 5 6 |  6.3
Stealth        | |  1.0

Action                   |  1- 3 |  4- 6 |  7- 9 || total
-------------------------+-------+-------+-------++-------
Melee: Unarmed           |    93 |    99 |   154 ||   346
       Punch             |     2 |     2 |     3 ||     7
Invok: Lunge             |       |     7 |    10 ||    17
       Whirlwind         |       |     1 |     2 ||     3
 Abil: Wall Jump         |       |     3 |     7 ||    10
  Use: Scroll            |    10 |     6 |     1 ||    17
       Potion            |     2 |     2 |     2 ||     6
 Stab: Sleeping          |     3 |     3 |     5 ||    11
       Paralysed         |       |     1 |       ||     1
Armor: Robe              |    27 |    22 |    27 ||    76
       Skin              |       |     5 |       ||     5
Dodge: Dodged            |    44 |    37 |    77 ||   158
